 Dungeon Crawl Stone Soup version 0.16-a0-1858-gba9b1e2 (webtiles) character file.

448 RobertPalmer the Insei (level 6, -4/43 HPs)
             Began as a Demonspawn Transmuter on Nov 4, 2014.
             Slain by an orc priest (5 damage)
             ... on level 3 of the Dungeon.
             The game lasted 00:07:40 (4595 turns).

RobertPalmer the Insei (Demonspawn Transmuter)      Turns: 4595, Time: 00:07:40

Health: -4/43      AC:  2    Str: 11    XL:     6   Next: 73%
Magic:  10/10      EV: 12    Int: 14    God:
Gold:   265        SH:  0    Dex: 17    Spells: 2 memorised, 6 levels left

rFire  + . .     SeeInvis .       - Unarmed
rCold  + + .     Clarity  .     c - +0 robe
rNeg   . . .     SustAb   .     (no shield)
rPois  +         Gourm    .     (no helmet)
rElec  +         Spirit   .     (no cloak)
rCorr  +         Warding  .     (no gloves)
rMut   .         Stasis   .     (no boots)
MR     .....                    (no amulet)
Stlth  +.........               (no ring)
                                (no ring)

@: resistant, very slightly contaminated, not resistant to hostile enchantments,
very unstealthy
A: hooves 2, agile 1, cold resistance 1, powered by pain 1, spiny 1, no device
heal 1
a: no special abilities


You were on level 3 of the Dungeon.
You were hungry.

You visited 1 branch of the dungeon, and saw 4 of its levels.

You collected 265 gold pieces.


Innate Abilities, Weirdness & Mutations

You have hoof-like feet.
You sometimes gain a little power by taking damage.
You are partially covered in sharp spines.
You are agile. (Dex +2)
Your flesh is cold resistant.
Potions and wands are less effective at restoring your health.


   Skills:
 - Level 1.0 Fighting
 + Level 1.9 Dodging
 - Level 7.0 Unarmed Combat
 - Level 2.0 Spellcasting
 - Level 1.7 Transmutations


You had 6 spell levels left.
You knew the following spells:

 Your Spells              Type           Power        Failure   Level  Hunger
z - Beastly Appendage     Trmt           #.....       14%         1    ##.....
Z - Sticks to Snakes      Trmt           #.........   21%         2    ###....

Inventory:

Missiles
 b - 98 arrows
 o - 13 poisoned arrows
Armour
 c - a +0 robe (worn)
Jewellery
 i - an uncursed ring of protection from cold
Magical devices
 e - a wand of confusion (8)
 f - a wand of heal wounds (3) {!d}
 n - a wand of teleportation (4) {!d}
 r - a wand of digging (0)
Scrolls
 l - a scroll of fog
 m - a scroll of remove curse
Books
 d - a book of Changes
Comestibles
 a - 3 bread rations
 g - a meat ration
 h - 2 chunks of flesh {@w1}
 j - a beef jerky
 p - a slice of pizza
 q - 3 fruits

Dungeon Overview and Level Annotations

Branches:
Dungeon (4/15)
 Temple: D:4-7

Altars:
Elyvilon

Annotations:
D:3 Crazy Yiuf

.....######... #.#.#
.###.# #.#># .# #o#
#.#.# .# #.# #.#.# .#
#o# #.#.# .# #.# #(#.#
.###o# ####### ###<#..
..##.# ###.P.#o###
##.(...# .....#
##...oP)#@§# #..###..
.....###g.§...####g§g..#
#.)# #.# .#.#oo....#..##
#..)# ##.###.#
.....######### ###
#.....# ###### #..#
####### #.##
#.########## ###
########.......##.# #.#
.........##.##.##.# #.#


You could see Crazy Yiuf and an orc priest.


Message History

Unknown command.
Read which item? (? for menu, Esc to quit)
As you read the scroll of fog, it crumbles to dust.
The scroll dissolves into smoke.
The orc priest barely misses you.
You hit the orc priest.
The orc priest is lightly wounded.
You hit the orc priest but do no damage.
The orc priest is lightly wounded.
The orc priest hits you.
* * * LOW HITPOINT WARNING * * *
You hit the orc priest.
You kick the orc priest, but do no damage.
The orc priest is moderately wounded.
Crazy Yiuf zaps a wand.
The puff of flame misses you.
The puff of flame misses the orc priest.
The orc priest misses you.
Unknown command.
You hit the orc priest but do no damage.
You kick the orc priest, but do no damage.
The orc priest is moderately wounded.
Crazy Yiuf drinks a potion.
Crazy Yiuf seems to grow stronger.
The orc priest calls down the wrath of Beogh upon you.
Pain shoots through your body!
* * * LOW HITPOINT WARNING * * *
You barely miss the orc priest.
You kick the orc priest, but do no damage.
The orc priest is moderately wounded.
Crazy Yiuf zaps a wand.
The puff of flame misses you.
The puff of flame hits the orc priest.
The orc priest hits you.
You die...

Action                   |  1- 3 |  4- 6 || total
-------------------------+-------+-------++-------
Melee: Unarmed           |    88 |   145 ||   233
 Cast: Beastly Appendage |     7 |    26 ||    33
       Sticks to Snakes  |     3 |     2 ||     5
Evoke: Wand              |       |     8 ||     8
  Use: Potion            |     1 |     3 ||     4
       Scroll            |       |    10 ||    10
 Stab: Confused          |       |     2 ||     2
  Eat: Chunk             |     3 |     4 ||     7
       Meat ration       |       |     1 ||     1

Vault maps used:
D:1:      minmay_arrival_wavy_path, hangedman_decor_lopped,
          minmay_misc_feat_more_columns
D:2:      first_bread
D:3:      bloody_makhleb, uniq_jessica, uniq_crazy_yiuf_cottage, uniq_natasha,
          uniq_grinder
D:4:      elyvilon_altar_5, serial_shops, shop

Notes
Turn   | Place    | Note
--------------------------------------------------------------
     0 | D:1      | RobertPalmer, the Demonspawn Transmuter, began the quest for the Orb.
     0 | D:1      | Reached XP level 1. HP: 15/15 MP: 3/3
   132 | D:1      | Reached skill level 3 in Unarmed Combat
   261 | D:1      | Gained mutation: You are partially covered in sharp spines. [demonic ancestry]
   261 | D:1      | Reached XP level 2. HP: 11/21 MP: 4/4
  1213 | D:2      | Lost mutation: You have claws for feet. [demonic ancestry]
  1213 | D:2      | Lost mutation: You have razor-sharp toenails. [demonic ancestry]
  1213 | D:2      | Lost mutation: You have sharp toenails. [demonic ancestry]
  1213 | D:2      | Gained mutation: You have large cloven feet. [demonic ancestry]
  1213 | D:2      | Reached XP level 3. HP: 14/26 MP: 4/6
  1493 | D:2      | Reached skill level 4 in Unarmed Combat
  1768 | D:2      | Noticed a scorpion
  2008 | D:1      | Learned a level 2 spell: Sticks to Snakes
  2048 | D:2      | Gained mutation: Potions and wands are less effective at restoring your health. [potion of mutation]
  2048 | D:2      | Gained mutation: Your flesh is cold resistant. [potion of mutation]
  2048 | D:2      | Gained mutation: You are agile. (Dex +2) [potion of mutation]
  2048 | D:2      | Killed a scorpion
  2048 | D:2      | Gained mutation: You have hoof-like feet. [demonic ancestry]
  2048 | D:2      | Reached XP level 4. HP: 8/32 MP: 0/7
  2882 | D:3      | Noticed Grinder
  2884 | D:3      | Reached skill level 5 in Unarmed Combat
  3055 | D:4      | Found a white marble altar of Elyvilon.
  3081 | D:4      | Gained mutation: You sometimes gain a little power by taking damage. [demonic ancestry]
  3081 | D:4      | Reached XP level 5. HP: 31/37 MP: 7/9
  3111 | D:3      | Noticed Natasha
  3120 | D:3      | HP: 2/37 [white imp/puff of frost[Natasha] (4)]
  3130 | D:3      | Killed Natasha
  3523 | D:3      | Killed Grinder
  3523 | D:3      | Reached skill level 6 in Unarmed Combat
  3523 | D:3      | Reached XP level 6. HP: 24/43 MP: 10/10
  3625 | D:3      | Noticed Natasha
  3644 | D:3      | Killed Natasha
  3800 | D:3      | Noticed Jessica
  3809 | D:3      | Killed Jessica
  4334 | D:3      | Noticed Natasha
  4444 | D:3      | Reached skill level 7 in Unarmed Combat
  4486 | D:3      | Killed Natasha
  4583 | D:3      | Noticed Crazy Yiuf
  4585 | D:3      | Identified a potion of resistance
  4588 | D:3      | HP: 3/43 [Crazy Yiuf/wand of flame (6)]
  4594 | D:3      | HP: 1/43 [orc priest/nerve-wracking pain (2)]
  4595 | D:3      | Slain by an orc priest

Vanquished Creatures
  Grinder (D:3)
  An orc priest (D:3)
  Jessica (D:3)
  8 adders
  Natasha (twice) (D:3)
  A white imp (D:3)
  2 worms (D:3)
  5 giant geckos
  An ooze (D:3)
  5 orcs
  3 giant cockroaches
  3 goblins
  6 hobgoblins
  5 jackals
  A ball python (D:3)
  4 bats
  A giant newt (D:3)
  4 kobolds
  2 quokkas
  7 rats
63 creatures vanquished.

Vanquished Creatures (collateral kills)
  A scorpion (D:2)
  An adder (D:2)
2 creatures vanquished.

Vanquished Creatures (others)
  Natasha (D:3)
1 creature vanquished.

Grand Total: 66 creatures vanquished
